 Dungeon Crawl Stone Soup version 0.27-a0-67-g4bfc8a49e1 (webtiles) character file.

Game seed: 10550506502251914387

147 Borgoz the Ruffian (level 5, -1/45 HPs)
             Began as a Ghoul Gladiator on Jan 9, 2021.
             Slain by Edmund
             ... wielding a +1 flail of venom
              (5 damage)
             ... on level 6 of the Dungeon.
             The game lasted 00:02:19 (1597 turns).

Borgoz the Ruffian (Ghoul Gladiator)                Turns: 1597, Time: 00:02:20

Health: -1/45      AC:  5    Str: 18    XL:     5   Next: 29%
Magic:  4/4        EV: 13    Int:  4    God:
Gold:   166        SH:  0    Dex: 10    Spells: 4/4 levels left

rFire    + . .     SeeInvis .     - Unarmed
rCold    + + .     Faith    .   (no shield)
rNeg     + + +     Spirit   .   a - +0 leather armour
rPois    ∞         Reflect  .   b - +1 helmet
rElec    +         Harm     .   (no cloak)
rCorr    +         Rampage  .   (no gloves)
Will     .....                  f - -1 pair of boots (curse)
Stlth    +.........             (no amulet)
HPRegen  0.00/turn              (no ring)
MPRegen  0.09/turn              (no ring)

@: about to teleport, resistant
A: claws 1, cold resistance 1, negative energy resistance 3, inhibited
regeneration, torment resistance, unbreathing
a: no special abilities


You were on level 6 of the Dungeon.
You visited 1 branch of the dungeon, and saw 4 of its levels.

You collected 166 gold pieces.

Inventory:

Missiles
 c - 2 throwing nets (quivered)
Armour
 a - a +0 leather armour (worn)
 b - a +1 helmet (worn)
 f - a cursed -1 pair of boots (worn)
 i - a +0 pair of boots
Jewellery
 h - an uncursed ring of fire
 l - an uncursed amulet of regeneration {unknown}
Scrolls
 d - a scroll of identify
 e - 3 scrolls of teleportation
 g - 2 scrolls of amnesia
Potions
 j - a potion of resistance


   Skills:
 + Level 3.1 Fighting
 - Level 1.7 Throwing
 * Level 3.9 Dodging
 * Level 4.8 Unarmed Combat


You had 4 spell levels left.
You didn't know any spells.
Your spell library was empty.

Dungeon Overview and Level Annotations

Branches:
Dungeon (3/15)

Altars:
The Shining One

Annotations:
D:6 Edmund


Innate Abilities, Weirdness & Mutations

You thrive by killing the living.
You are immune to poison.
You have sharp fingernails.
Your flesh is cold resistant. (rC+)
You are immune to negative energy. (rN+++)
You do not regenerate when monsters are visible.
You are immune to unholy pain and torment.
You can survive without breathing.


Message History

The wight misses you.
The wight hits you from afar with a +3 trident.
Edmund drinks a potion.
Edmund goes berserk!
Edmund rages.
You see here an arrow.
The wight hits you from afar with a +3 trident!
* * * LOW HITPOINT WARNING * * *
You open the door.
Edmund hits you with a +1 flail of venom.
* * * LOW HITPOINT WARNING * * *
The wight hits you but does no damage.
Found a scroll of teleportation.
Edmund misses you.
There is an open door here.
Edmund rages.
Edmund hits you but does no damage.
As you read the scroll of teleportation, it crumbles to dust.
You feel strangely unstable.
Edmund hits you with a +1 flail of venom.
You die...

#########
########........
#......#..?.....
#....(.@@.......
#.....z#........
#...)z.#........
#......#........
#......#........
#.....(#........
##'#####........
... ....#####
#...


You could see Edmund (berserk) and 2 wights.

Vanquished Creatures
  A centaur (D:6)
  An adder (D:2)
  A worm (D:2)
  A dart slug (D:2)
  2 leopard geckos (D:1)
  5 orcs (D:3)
  3 giant cockroaches
  4 goblins (D:1)
  3 hobgoblins
  7 jackals
  7 kobolds
  A quokka (D:2)
  A bat (D:1)
  5 frilled lizards
  5 rats
47 creatures vanquished.

Notes
Turn   | Place    | Note
-------+----------+-------------------------------------------
     0 | D:1      | Borgoz the Ghoul Gladiator began the quest for the Orb.
     0 | D:1      | Reached XP level 1. HP: 17/17 MP: 0/0
   409 | D:1      | Reached XP level 2. HP: 25/25 MP: 1/1
   919 | D:2      | Reached XP level 3. HP: 25/30 MP: 2/2
  1000 | D:2      | Reached skill level 4 in Unarmed Combat
  1158 | D:2      | Found a glowing golden altar of the Shining One.
  1534 | D:3      | Reached XP level 4. HP: 37/37 MP: 3/3
  1566 | D:3      | You fall into a shaft and drop 3 floors!
  1567 | D:6      | Noticed a centaur
  1577 | D:6      | Killed a centaur
  1578 | D:6      | Reached XP level 5. HP: 16/45 MP: 4/4
  1586 | D:6      | Noticed Edmund
  1597 | D:6      | Slain by Edmund

Illustrated notes

Levels and vault maps discovered:
D:1:      scummos_arrival_forest, layout_basic, serial_glass, glass_columns_b,
          glass_columns_b, minmay_misc_feat_rugged
D:2:      layout_basic, nicolae_tso_carved_into_rock
D:3:      layout_rooms, grunt_qazlal_sundering, hangedman_abyss_or_decor_stabs
D:6:      minmay_spotlight, layout_gridville, minitemple,
          minmay_temple_entry_arrows, kennysheep_okawaru_gauntlet, uniq_edmund

Skill      XL: |  1  2  3  4 |
---------------+-------------+-----
Dodging        | 3 |  3.9
Unarmed Combat | 4 |  4.8
Fighting       | 3 |  3.1
Throwing       | |  1.7

Action                   |  1- 3 |  4- 6 || total
-------------------------+-------+-------++-------
Melee: Unarmed           |   134 |    24 ||   158
       Punch             |     1 |     2 ||     3
Throw: Throwing net      |       |     1 ||     1
  Use: Scroll            |     5 |     1 ||     6
       Potion            |       |     2 ||     2
Armor: Leather armour    |    41 |     2 ||    43
Dodge: Dodged            |    92 |    16 ||   108

Table legend: (Time is in decaauts)
 A = Elapsed time spent in this place.
 B = Non-inter-level travel time spent in this place.
 C = Inter-level travel time spent in this place.
 D = Time resting spent in this place.
 E = Time spent auto-exploring this place.
 F = Levels seen in this place.
 G = Mean time per level.
                   A        B        C        D        E       F      G
               +--------+--------+--------+--------+--------+-----+--------+
         Total |   1583 |   1569 |     14 |    184 |   1051 |   4 |  395.8 |
       Dungeon |   1583 |   1569 |     14 |    184 |   1051 |   4 |  395.8 |
               +--------+--------+--------+--------+--------+-----+--------+

Top non-repeatable levels by time:
     D:1: 896 daAuts
     D:2: 611 daAuts
     D:3: 45 daAuts
     D:6: 30 daAuts
